 Dungeon Crawl Stone Soup version 0.32-a0-893-gf85d74f360 (webtiles) character file.

Game seed: 16041526124258778660

75 Autsider the Firebug (level 4, -9/34 HPs)
             Began as a Mountain Dwarf Fire Elementalist on Apr 3, 2024.
             Mangled by Sigmund
             ... wielding a +1 scythe of holy wrath
              (12 damage)
             ... on level 3 of the Dungeon.
             The game lasted 00:06:03 (2760 turns).

Autsider the Firebug (MDFE)                         Turns: 2760, Time: 00:06:04

Health: -9/34      AC:  2    Str: 11    XL:     4   Next: 11%
Magic:  4/7        EV: 10    Int: 17    God:
Gold:   127        SH:  3    Dex: 10    Spells: 4/7 levels left

rFire   + . .        o - +1 short sword (holy)
rCold   . . .        a - +0 buckler "Buvar" {+Blink Will+}
rNeg    . . .        r - +0 robe {Will+}
rPois   +            (no helmet)
rElec   .            (no cloak)
rCorr   .            (no gloves)
SInv    .            (no boots)
Will    ++...        (no amulet)
Stlth   ++           c - ring of poison resistance
HPRegen 0.25/turn    g - ring of protection from fire
MPRegen 0.10/turn

%: no passive effects
@: no status effects
A: runic magic, artefact enchanting
a: Evoke Blink


You were on level 3 of the Dungeon.
You visited 1 branch of the dungeon, and saw 3 of its levels.

You collected 127 gold pieces.

Inventory:

Hand Weapons
 o - a +1 short sword of holy wrath (weapon)
Missiles
 f - 6 datura-tipped darts
 n - 5 atropa-tipped darts
Armour
 a - the +0 buckler "Buvar" (worn) {+Blink Will+}
   (You found it on level 3 of the Dungeon)

   Will+:     It increases your willpower.
   +Blink:    It lets you blink.
 r - a +0 robe of willpower (worn)
Jewellery
 c - a ring of poison resistance (left hand)
 g - a ring of protection from fire (right hand)
 h - a ring of wizardry
Scrolls
 i - a scroll of revelation {unknown}
 k - a scroll of silence {unknown}
 l - a scroll of teleportation {unknown}
 m - a scroll of identify {unknown}
 p - a scroll of fear {unknown}
 q - a scroll of noise {unknown}
 s - a scroll of amnesia {unknown}
Potions
 b - 3 potions of magic
 d - a potion of mutation {unknown}
 e - a potion of curing {unknown}
 j - a potion of lignification {unknown}
 t - a potion of invisibility {unknown}


   Skills:
 + Level 0.4 Fighting
 - Level 1.3 Dodging
 - Level 1.4 Stealth
 + Level 0.5 Shields
 + Level 2.0 Spellcasting
 + Level 2.0 Conjurations
 * Level 5.1 Fire Magic


You had 4 spell levels left.
You knew the following spells:

 Your Spells              Type           Power      Damage    Failure   Level
a - Scorch                Fire           38%        2d6       5%          2
b - Foxfire               Conj/Fire      52%        2x1d6     7%          1

Your spell library contained the following spells:

 Spells                   Type           Power      Damage    Failure   Level
 Inner Flame              Hex/Fire       10%        N/A       30%         3
 Volatile Blastmotes      Fire/Tloc      20%        2d11      30%         3
 Flame Wave               Conj/Fire      13%        2d6       54%         4
 Summon Ice Beast         Ice/Summ       1%         N/A       63%         3
 Teleport Other           Tloc           1%         N/A       63%         3
 Summon Mana Viper        Hex/Summ       1%         N/A       100%        5
 Dispersal                Tloc           0%         N/A       100%        6
 Gell's Gavotte           Tloc           0%         2d(11-16) 100%        6
 Manifold Assault         Tloc           0%         N/A       100%        7
 Monstrous Menagerie      Summ           0%         N/A       100%        7
 Disjunction              Tloc           0%         N/A       100%        8


Dungeon Overview and Level Annotations

Branches:
Dungeon (3/15)

Altars:

Annotations:
D:3 Sigmund


Innate Abilities, Weirdness & Mutations

Your spellcasting is much less encumbered by armour.
You can use scrolls of enchantment on lesser artefacts.


Message History

The hobgoblin's fire resistance burns away.
You hear a shout!
A kobold comes into view. It is wielding a +0 dagger.
A kobold comes into view. It is wielding a +0 club.
The hobgoblin closely misses you.
There are monsters nearby!
You hit the hobgoblin.
The hobgoblin is severely wounded.
Sigmund the Dreaded comes into view.
He is wielding a +1 scythe of holy wrath.
The hobgoblin hits you with a +4 dagger!
The hobgoblin is no longer more vulnerable to fire.
The hobgoblin attacks as it pursues you!
The hobgoblin closely misses you.
The hobgoblin attacks as it pursues you!
You block the hobgoblin's attack.
Sigmund mumbles some strange words.
Sigmund flickers and vanishes!
Deactivating autopickup; reactivate with Ctrl-A.
The hobgoblin attacks as it pursues you!
You block the hobgoblin's attack.
Casting: Scorch (safe; 5% risk of failure)
Confirm with . or Enter, or press ? or * to list all spells.
Flames lash the kobold.
You kill the kobold!
The hobgoblin hits you with a +4 dagger.
* * * LOW HITPOINT WARNING * * *
A magic dart appears from out of thin air!
The magic dart hits you.
* * * LOW HITPOINT WARNING * * *
You block the hobgoblin's attack.
The hobgoblin attacks as it pursues you!
The hobgoblin hits you with a +4 dagger!
* * * LOW HITPOINT WARNING * * *
The hobgoblin attacks as it pursues you!
The hobgoblin hits you with a +4 dagger!
* * * LOW HITPOINT WARNING * * *
The hobgoblin attacks as it pursues you!
You block the hobgoblin's attack. Something hits you!
You die...

##.#......# #...#.#...#
#.........#### ######
.....#........# #.....
#...#####.)K...# #.###.
#... ..........#######
#.##.. ###
..#...#..g.##....# #>##..
.....#....##....####.....
..#.#.#..@.......†........
......#....##..........##.
.....#...........#....##.
#.................#....##.
####.......##.#.#.........
###.#...##.#.###....#..
#.#...##...# #....#.#
#.##..###.## .......# #.
#..# ### .. ..##


You could see a hobgoblin and a kobold.

Vanquished Creatures
  Terence (D:3)
  3 ball pythons
  4 endoplasms
  2 giant cockroaches (D:1)
  A goblin (D:1)
  8 hobgoblins
  3 jackals (D:3)
  3 quokkas (D:1)
  5 bats
  A frilled lizard (D:2)
  5 kobolds
  6 rats
  A spectral hobgoblin (D:2)
43 creatures vanquished.

Vanquished Creatures (others)
  55 foxfires
55 creatures vanquished.

Grand Total: 98 creatures vanquished

Notes
Turn   | Place    | Note
-------+----------+-------------------------------------------
     0 | D:1      | Autsider the Mountain Dwarf Fire Elementalist began the
                  | quest for the Orb.
     0 | D:1      | Reached XP level 1. HP: 14/14 MP: 3/3
   143 | D:1      | Reached skill level 1 in Conjurations
   354 | D:1      | Reached skill level 4 in Fire Magic
   439 | D:1      | Reached XP level 2. HP: 20/20 MP: 2/4
   442 | D:1      | Learned a level 2 spell: Scorch
  1371 | D:2      | Reached XP level 3. HP: 26/26 MP: 1/5
  2014 | D:2      | Found a faded altar of an unknown god.
  2475 | D:3      | Identified the +0 buckler "Buvar" {+Blink Will+}
  2503 | D:3      | Noticed Terence
  2528 | D:3      | Killed Terence
  2529 | D:3      | Reached skill level 5 in Fire Magic
  2529 | D:3      | Reached XP level 4. HP: 23/34 MP: 1/7
  2748 | D:3      | Noticed Sigmund
  2760 | D:3      | Mangled by Sigmund

Illustrated notes

Levels and vault maps discovered:
D:1:      onia_arrival_mini_spirals, layout_loops_ring, glass_columns_a
D:2:      minmay_wonky_spiral, layout_basic,
          dreamdust_ecumenical_altar_drowned_temple, moated_statue
D:3:      layout_rooms, serial_shops, nicolae_shop_statue_plus,
          nrook_loot_triangle, hangedman_decor_lopped, uniq_terence,
          uniq_sigmund

Skill      XL: |  1  2  3  4 |
---------------+-------------+-----
Conjurations   | 1 2 |  2.0
Fire Magic     | 4 5 |  5.1
Spellcasting   | 2 |  2.0
Fighting       | |  0.4
Dodging        | |  1.3
Stealth        | |  1.4
Shields        | |  0.5

Action                     |  1- 3 |  4- 6 || total
---------------------------+-------+-------++-------
  Melee: Club              |    16 |       ||    16
         Unarmed           |     1 |       ||     1
         Short sword       |    17 |     9 ||    26
   Cast: Foxfire           |    36 |       ||    36
         Scorch            |    17 |     5 ||    22
    Use: Scroll            |     1 |       ||     1
 Armour: Robe              |    31 |    14 ||    45
  Dodge: Dodged            |    42 |     7 ||    49
  Block: Buckler           |     2 |     6 ||     8

Table legend: (Time is in decaauts)
 A = Elapsed time spent in this place.
 B = Non-inter-level travel time spent in this place.
 C = Inter-level travel time spent in this place.
 D = Time resting spent in this place.
 E = Time spent auto-exploring this place.
 F = Levels seen in this place.
 G = Mean time per level.
                   A        B        C        D        E       F      G
               +--------+--------+--------+--------+--------+-----+--------+
         Total |   2770 |   2523 |    247 |      0 |   2163 |   3 |  923.3 |
       Dungeon |   2770 |   2523 |    247 |      0 |   2163 |   3 |  923.3 |
               +--------+--------+--------+--------+--------+-----+--------+

Top non-repeatable levels by time:
     D:2: 1294 daAuts
     D:1: 1025 daAuts
     D:3: 450 daAuts
